 Dungeon Crawl Stone Soup version 0.29.0-13-gc9e81de378 (webtiles) character file.

Game seed: 7221570497490007067

2461 raistware the Destroyer (level 9, -8/54 HPs)
             Began as an Octopode Conjurer on Sept 9, 2022.
             Was an Initiate of Vehumet.
             Mangled by a two-headed ogre
             ... wielding a +0 giant spiked club
              (36 damage)
             ... on level 8 of the Dungeon.
             The game lasted 00:22:08 (9167 turns).

raistware the Destroyer (Octopode Conjurer)         Turns: 9167, Time: 00:22:09

Health: -8/54      AC:  2    Str: 13    XL:     9   Next: 50%
Magic:  15/21      EV: 17    Int: 34    God:    Vehumet [......]
Gold:   495        SH:  5    Dex: 12    Spells: 18/24 levels left

rFire   . . .      SeeInvis .   n - +0 quarterstaff
rCold   + . .      Faith    .   (shield currently unavailable)
rNeg    . . .      Spirit   .   y - +1 hat {Stlth+}
rPois   +          Reflect  +   E - amulet of reflection
rElec   .          Harm     .   h - ring of poison resistance
rCorr   .          Rampage  .   k - +6 ring of intelligence
Will    .....                   s - +6 ring of intelligence
Stlth   ++++......              z - ring of protection from cold
HPRegen 0.18/turn               C - +6 ring of strength
MPRegen 0.17/turn               I - +4 ring of evasion
                                (no ring)
                                (no ring)

@: no status effects
A: almost no armour, amphibious, 8 rings, camouflage 1, gelatinous body 1,
(nimble swimmer 1), tentacles
a: Renounce Religion


You were on level 8 of the Dungeon.
You worshipped Vehumet.
Vehumet was noncommittal.
You visited 2 branches of the dungeon, and saw 9 of its levels.

You collected 495 gold pieces.

Inventory:

Hand Weapons
 n - a +0 quarterstaff (weapon)
Missiles
 f - 6 javelins
 A - 29 poisoned darts
 H - 2 throwing nets
Armour
 y - a +1 hat of stealth (worn)
Jewellery
 b - an amulet of the acrobat
 h - a ring of poison resistance (left tentacle)
 k - a +6 ring of intelligence (right tentacle)
 s - a +6 ring of intelligence (on tentacle)
 z - a ring of protection from cold (on tentacle)
 C - a +6 ring of strength (on tentacle)
 E - an amulet of reflection (around mantle)
 I - a +4 ring of evasion (on tentacle)
Wands
 t - a wand of paralysis (3)
 w - a wand of flame (3)
 J - a wand of roots (4)
 L - a wand of mindburst (13)
Scrolls
 c - 2 scrolls of teleportation
 g - 3 scrolls of poison
 m - a scroll of enchant weapon {unknown}
 o - 4 scrolls of vulnerability {unknown}
 q - a scroll of noise {unknown}
 r - a scroll of magic mapping {unknown}
 D - a scroll of butterflies {unknown}
 F - a scroll of torment {unknown}
 G - a scroll of summoning {unknown}
 K - a scroll of brand weapon {unknown}
Potions
 a - 2 potions of magic
 d - 2 potions of berserk rage
 e - a potion of haste {unknown}
 j - 3 potions of curing
 l - 3 potions of might
 p - 5 potions of brilliance
 u - 2 potions of invisibility {unknown}
 v - a potion of mutation {unknown}
 x - 4 potions of flight
 B - 2 potions of heal wounds
 M - a potion of attraction {unknown}


   Skills:
 - Level 2.0 Fighting
 - Level 2.0 Staves
 - Level 2.0 Dodging
 - Level 3.0 Stealth
 + Level 8.2 Spellcasting
 + Level 8.8 Conjurations
 - Level 2.0 Translocations
 - Level 2.0 Evocations


You had 18 spell levels left.
You knew the following spells:

 Your Spells              Type           Power      Damage    Failure   Level
a - Magic Dart            Conj           100%       1d8       1%          1
b - Iskenderun's Mystic   Conj/Tloc      50%        2d11      3%          4
z - Apportation           Tloc           54%        N/A       1%          1

Your spell library contained the following spells:

 Spells                   Type           Power      Damage    Failure   Level
 Searing Ray              Conj           100%       2d8       1%          2
 Dazzling Flash           Conj/Hex       88%        N/A       1%          3
 Freeze                   Ice            56%        1d7       3%          1
 Necrotise                Necr           56%        1d6       3%          1
 Summon Small Mammal      Summ           56%        N/A       3%          1
 Ensorcelled Hibernation  Hex/Ice        28%        N/A       4%          2
 Passwall                 Tmut/Erth      11%        N/A       4%          2
 Fulminant Prism          Conj/Hex       22%        3d13      5%          4
 Hailstorm                Conj/Ice       44%        3d10      5%          4
 Frozen Ramparts          Ice            28%        1d5       10%         3
 Swiftness                Air            14%        N/A       10%         3


Dungeon Overview and Level Annotations

Branches:
Dungeon (8/15)             Temple (1/1) D:7
   Lair: D:8-11

Altars:
Ashenzari
Cheibriados
Dithmenos
Fedhas
Hepliaklqana
Kikubaaqudgha
Makhleb
Nemelex Xobeh
Okawaru
Qazlal
Ru
Sif Muna
Uskayaw
Vehumet
Wu Jian
Xom
Yredelemnul
Zin

Shops:
D:1 (   D:7 *

Annotations:
D:7 4 runed translucent doors
D:8 1 runed translucent door, exclusion: two-headed ogre, Erica; raistware's ghost, novice OpCj


Innate Abilities, Weirdness & Mutations

You cannot wear most types of armour.
You are amphibious.
You can wear up to eight rings at the same time.
Your skin changes colour to match your surroundings (Stealth+).
Your rubbery body absorbs attacks. (AC +1, EV +1)
((You are camouflaged when in or above water. (Stealth+)))
You have tentacles for arms and can constrict up to eight enemies at once.


Message History

The two-headed ogre is lightly wounded.
Aiming: Fastroot
Press: ? - help, Shift-Dir - straight line, f/p - two-headed ogre
Aim: a two-headed ogre, wielding two +0 giant spiked clubs (lightly wounded, very poisoned, slow)
The roots erupt in riotous growth!
Roots grab the two-headed ogre.
The grasping roots constrict the two-headed ogre.
The two-headed ogre struggles to escape constriction.
The magic dart hits the two-headed ogre but does no damage.
The two-headed ogre is lightly wounded.
The grasping roots constrict the two-headed ogre.
The roots release their grip on the two-headed ogre.
The magic dart hits the two-headed ogre.
The two-headed ogre is moderately wounded.
You can't see any susceptible monsters within range! (Use Z to cast anyway.)
The magic dart hits the two-headed ogre.
The two-headed ogre is moderately wounded.
The magic dart hits the two-headed ogre.
The two-headed ogre is heavily wounded.
The magic dart hits the two-headed ogre but does no damage.
The two-headed ogre is heavily wounded.
A killer bee comes into view.
The magic dart hits the two-headed ogre.
The two-headed ogre is heavily wounded.
The killer bee buzzes angrily.
You hear an angry buzzing noise. x2
The magic dart hits the two-headed ogre.
The two-headed ogre is severely wounded.
The two-headed ogre is no longer moving slowly.
The two-headed ogre looks more healthy.
Aiming: Throw Flame
Press: ? - help, Shift-Dir - straight line, f/p - two-headed ogre
Aim: a two-headed ogre, wielding two +0 giant spiked clubs (severely wounded, 86% to hit)
The puff of flame hits the two-headed ogre.
The two-headed ogre is severely wounded.
A killer bee comes into view.
The two-headed ogre attacks as you move away!
The two-headed ogre hits you with a +0 giant spiked club!!
The two-headed ogre hits you with a +0 giant spiked club!!!
Ouch! That really hurt!
You die...

. .. .## .. #.##
#..### #####...## ###
#........#
...###.....)@.#
#...........O.#
#.......#####.#
#.......# #y#
#.......# #..
#.......######..
####.............y#.
##.................#..
..................(#
..


You could see a two-headed ogre and 2 killer bees.

Vanquished Creatures
  Sigmund (D:4)
  A steam dragon (D:6)
  An acid dragon (D:6)
  2 water moccasins
  An orc warrior (D:7)
  2 sky beasts
  2 ice beasts
  2 ogres
  A phantom (D:6)
  A centaur (D:6)
  3 kobold brigands
  A scorpion (D:6)
  A bullfrog (D:7)
  2 necrophages (D:6)
  A howler monkey (D:7)
  A gnoll bouda (D:5)
  3 orc priests
  4 hounds
  A jelly (D:6)
  Terence (D:3)
  An iguana (D:5)
  6 gnolls
  5 adders
  A shadow imp (D:6)
  A worm (D:2)
  2 dart slugs
  30 orcs
  5 ball pythons
  8 endoplasms
  A giant cockroach (D:4)
  15 goblins
  12 hobgoblins
  8 quokkas
  6 bats
  2 frilled lizards (D:1)
  29 kobolds
  12 rats
176 creatures vanquished.

Vanquished Creatures (others)
  3 plants (D:8)
3 creatures vanquished.

Grand Total: 179 creatures vanquished

Notes
Turn   | Place    | Note
-------+----------+-------------------------------------------
     0 | D:1      | raistware the Octopode Conjurer began the quest for the
                  | Orb.
     0 | D:1      | Reached XP level 1. HP: 11/11 MP: 3/3
   165 | D:1      | Reached XP level 2. HP: 9/17 MP: 1/5
   705 | D:1      | Found Uzoywiw's Antique Weapon Shoppe.
   865 | D:1      | Reached XP level 3. HP: 16/21 MP: 2/7
  2163 | D:2      | Reached XP level 4. HP: 27/27 MP: 6/9
  2168 | D:2      | Learned a level 4 spell: Iskenderun's Mystic Blast
  2537 | D:3      | Reached skill level 1 in Translocations
  2629 | D:3      | Reached XP level 5. HP: 31/31 MP: 4/11
  2713 | D:3      | Noticed Terence
  2734 | D:3      | Killed Terence
  3124 | D:3      | Found a faded altar of an unknown god.
  3522 | D:4      | Noticed an ogre
  3673 | D:4      | Killed an ogre
  3674 | D:4      | Reached skill level 1 in Evocations
  3674 | D:4      | Reached XP level 6. HP: 36/36 MP: 2/13
  3758 | D:4      | Reached skill level 5 in Conjurations
  4734 | D:4      | Noticed Sigmund
  4758 | D:5      | Entered Level 5 of the Dungeon
  4762 | D:5      | Reached skill level 5 in Spellcasting
  4773 | D:5      | Reached XP level 7. HP: 10/42 MP: 10/14
  4779 | D:5      | Reached skill level 1 in Fighting
  5778 | D:5      | Found a stormy altar of Qazlal.
  6172 | D:6      | You fall into a shaft and drop 1 floor!
  6398 | D:7      | Found Daoklec's Fire Supplies.
  6737 | D:6      | Reached skill level 1 in Staves
  6737 | D:6      | Reached XP level 8. HP: 49/50 MP: 5/16
  6969 | D:7      | Found a huge runed translucent gate.
  6970 | D:7      | Found a huge runed translucent gate.
  6970 | D:7      | Noticed a polar bear
  6970 | D:7      | Noticed a polar bear
  6971 | D:7      | Noticed a polar bear
  6971 | D:7      | Found a huge runed translucent gate.
  6971 | D:7      | Noticed a polar bear
  6971 | D:7      | Noticed a polar bear
  6971 | D:7      | Noticed a yak
  6971 | D:7      | Noticed a polar bear
  6971 | D:7      | Noticed a wyvern
  6973 | D:7      | Found a huge runed translucent gate.
  6973 | D:7      | Noticed a wyvern
  6973 | D:7      | Noticed a polar bear
  6973 | D:7      | Noticed a polar bear
  6974 | D:7      | Noticed a polar bear
  7757 | D:6      | Reached XP level 9. HP: 50/54 MP: 5/19
  8029 | D:4      | Killed Sigmund
  8266 | D:7      | Learned a level 1 spell: Apportation
  8437 | D:7      | Found a snail-covered altar of Cheibriados.
  8712 | D:7      | Found a staircase to the Ecumenical Temple.
  8718 | Temple   | Entered the Ecumenical Temple
  8783 | Temple   | Became a worshipper of Vehumet
  8891 | D:7      | Found a hazy altar of Hepliaklqana.
  9042 | D:8      | Noticed Erica
  9045 | D:8      | Noticed raistware's ghost (novice OpCj)
  9067 | D:8      | Found a runed translucent door.
  9119 | D:8      | Noticed a two-headed ogre
  9167 | D:8      | Mangled by a two-headed ogre

Illustrated notes

Levels and vault maps discovered:
D:1:      heliophobic_arrival_henge, layout_basic, serial_shops, shop_coins
D:2:      layout_loops_cross
D:3:      layout_rooms, ebering_ecumenical_altar_rust, uniq_terence
D:4:      corexii_shantytown, layout_basic, st_stairs_8, chequers_mini_garden,
          uniq_sigmund
D:5:      layout_basic, mainiacjoe_overflow_24_doors, serial_curves,
          eino_curves_04, eino_curves_01, eino_curves_01
D:6:      layout_cave_pools
D:7:      lemuel_bear_cage, layout_basic, cheibriados_altar_1,
          mainiacjoe_overflow_surrounded_room,
          minmay_temple_entry_gardened_gates, small_statue_intersection,
          nicolae_shop_fire_sale [nicolae_sub_dead_trees]
D:8:      layout_basic, hellmonk_ghost_big_iron, st_stairs_9, uniq_gastronok,
          uniq_erica
Temple:   dpeg_three_leaves_temple

Skill      XL: |  1  2  3  4  5  6  7  8  9 |
---------------+----------------------------+-----
Spellcasting   | 3 4 5 7 8 |  8.2
Translocations | 1 2 |  2.0
Evocations     | 1 2 |  2.0
Conjurations   | 5 6 7 8 |  8.8
Stealth        | 3 |  3.0
Fighting       | 2 |  2.0
Staves         | 1 2 |  2.0
Dodging        | |  2.0

Action                   |  1- 3 |  4- 6 |  7- 9 || total
-------------------------+-------+-------+-------++-------
Melee: Unarmed           |    12 |       |       ||    12
       Tentacles         |     5 |    11 |     7 ||    23
       Constrict         |     4 |    14 |    13 ||    31
       Quarterstaff      |       |    60 |    46 ||   106
       Punch             |       |     1 |     1 ||     2
Throw: Throwing net      |       |       |     2 ||     2
       Dart              |       |       |     1 ||     1
 Cast: Magic Dart        |    89 |   102 |   134 ||   325
       Iskenderun's Myst |       |     7 |    22 ||    29
       Apportation       |       |       |     1 ||     1
Evoke: Wand              |       |     1 |    14 ||    15
  Use: Potion            |       |     1 |       ||     1
       Scroll            |       |       |     7 ||     7
 Stab: Sleeping          |     1 |     8 |       ||     9
       Paralysed         |       |     8 |       ||     8
Armor: Skin              |       |     4 |     7 ||    11
Dodge: Dodged            |     7 |    48 |    77 ||   132
